 Dungeon Crawl Stone Soup version 0.23.0 (webtiles) character file.

Game seed: 14089062549351489931

18965 Monsterracer the Carver (level 12, -11/98 HPs)
             Began as a Merfolk Chaos Knight on Feb 13, 2019.
             Was a Plaything of Xom.
             Mangled by a death yak (20 damage)
             ... in an ice cave.
             The game lasted 00:19:48 (12853 turns).

Monsterracer the Carver (Merfolk Chaos Knight)     Turns: 12853, Time: 00:19:49

Health: -11/98     AC: 19    Str: 16    XL:     12   Next: 64%
Magic:  16/16      EV: 14    Int: 16    God:    Xom [...*..]
Gold:   2249       SH:  0    Dex:  8    Spells: 11/11 levels left

rFire    + . .     SeeInvis +   b - +6 great sword "Okka" {chaos, rF+ MR+ Int+3 Dex-5}
rCold    . . .     Gourm    .   (shield currently unavailable)
rNeg     . . .     Faith    .   F - +1 chain mail {rPois}
rPois    +         Spirit   .   G - +0 mask of the Dragon {MR+ Slay+3 SInv}
rElec    .         Reflect  .   a - +0 cloak {+Inv}
rCorr    .         Harm     .   (no gloves)
MR       ++...                  o - +0 pair of boots
Stlth    ..........             (no amulet)
HPRegen  0.26/turn              x - +6 ring of protection
MPRegen  0.15/turn              i - +5 ring of evasion

@: no status effects
A: change form in water, swift swim, stealthy swim
a: Renounce Religion, Evoke Invisibility


You were in an ice cave.
You worshipped Xom.
You were a favourite toy of Xom.
You were not hungry.

You visited 2 branches of the dungeon, and saw 11 of its levels.
You also visited: Ossuary and Ice Cave.

You collected 2249 gold pieces.

Inventory:

Hand Weapons
 b - the +6 great sword "Okka" (weapon) {chaos, rF+ MR+ Int+3 Dex-5}
   (Xom gifted it to you on level 7 of the Dungeon)

   Each time it hits an enemy it has a different, random effect.
   It affects your intelligence (+3).
   It affects your dexterity (-5).
   It protects you from fire.
   It affects your resistance to hostile enchantments.
 H - a +0 glaive
 M - the +1 spear of Wianiroi {freeze, rN+ Str+4 Int+4}
   (You found it in an ice cave)

   It has been specially enchanted to freeze those struck by it, causing extra
   injury to most foes and up to half again as much damage against particularly
   susceptible opponents.
   It can also slow down cold-blooded creatures.
   It affects your strength (+4).
   It affects your intelligence (+4).
   It protects you from negative energy.
Missiles
 z - a throwing net (quivered) {!f}
Armour
 a - a +0 cloak of invisibility (worn)
 o - a +0 pair of boots (worn)
 F - a +1 chain mail of poison resistance (worn)
 G - the +0 mask of the Dragon (worn) {MR+ Slay+3 SInv}
   (You found it on level 7 of the Dungeon)

   It affects your accuracy and damage with ranged weapons and melee attacks
   (+3).
   It affects your resistance to hostile enchantments.
   It lets you see invisible.
Jewellery
 i - a +5 ring of evasion (right hand)
 x - a +6 ring of protection (left hand)
 y - an uncursed ring of resist corrosion
 A - an uncursed ring of positive energy
Wands
 h - a wand of iceblast (5)
 j - a wand of digging (8)
 n - a wand of enslavement (13)
 B - a wand of paralysis (15)
 L - a wand of flame (11)
Scrolls
 f - a scroll of identify
 g - a scroll of torment
 m - 2 scrolls of magic mapping
 p - 4 scrolls of enchant weapon
 r - 4 scrolls of remove curse
 t - 6 scrolls of teleportation {!r}
 C - 3 scrolls of fear {!r}
 X - 4 scrolls of blinking
Potions
 d - 2 potions of heal wounds
 e - 2 potions of curing
 k - 4 potions of magic
 l - a potion of berserk rage {!q}
 q - 2 potions of cancellation
 s - 3 potions of lignification
 u - 2 potions of mutation {unknown}
 v - 2 potions of might {unknown}
 w - 3 potions of flight
 D - a potion of ambrosia {!q}
 E - 2 potions of agility {unknown}
 I - 2 potions of degeneration {unknown}
 J - 2 potions of brilliance {unknown}
Comestibles
 c - 31 rations
 K - 3 chunks of flesh


   Skills:
 + Level 10.3 Fighting
 * Level 13.1 Long Blades
 - Level 12.0 Polearms
 + Level 4.4 Armour
 - Level 8.6 Dodging
 - Level 4.4 Stealth
 - Level 6.0 Evocations


You had 11 spell levels left.
You didn't know any spells.
Your spell library contained the following spells:

 Spells                   Type           Power        Failure   Level  Hunger
 Beastly Appendage        Tmut           #.....       99%         1    ##.....
 Sticks to Snakes         Tmut           #.......     99%         2    ###....
 Spider Form              Tmut/Pois      #.........   100%        3    ####...
 Ice Form                 Ice/Tmut       #.......     100%        4    #####..
 Blade Hands              Tmut           #.........   100%        5    ######.
 Bolt of Magma            Conj/Fire/Erth #.........   100%        5    ######.
 Iskenderun's Battlesphe  Conj/Chrm      #.......     100%        5    ######.
 Venom Bolt               Conj/Pois      #.........   100%        5    ######.
 Iron Shot                Conj/Erth      #.........   100%        6    #######
 Orb of Destruction       Conj           #.........   100%        7    #######
 Spellforged Servitor     Conj/Summ      #.........   100%        7    #######


Dungeon Overview and Level Annotations

Branches:
Dungeon (10/15)            Temple (0/1) D:7            Lair (1/6) D:10
    Orc: D:9-12

Altars:
Ashenzari
Elyvilon
Fedhas
Hepliaklqana
Ru
Sif Muna
Trog
Xom
Yredelemnul
Beogh

Shops:
D:4 }   D:9 :

Annotations:
D:10 5 runed translucent doors


Message History

You hit the yak but do no damage.
The yak is almost dead.
The yak gores you but does no damage. The yak closely misses you.
You riposte.
You slash the yak!
You kill the yak!
You slice the yak!! You freeze the yak!
You kill the yak!
No target in view!
No target in view!
Key pressed, stopping explore.
No target in view!
You regained 5 hp, and now have 92/97 hp.
You butcher the yak corpse.
K - 4 chunks of flesh You see here a yak skeleton. x2
Eating one of 4 chunks of flesh.
You eat one of the 4 chunks of flesh.
This raw flesh tastes terrible.
Your legs become a tail as you enter the water.
Your +0 pair of boots melds into your body.
Your +0 pair of boots unmelds from your body.
The yak is too close now for your liking.
Health restored: 97 A yak is nearby!
A yak is nearby!
You closely miss the yak. The yak closely misses you.
You closely miss the yak. The yak gores you.
You take 6 damage, and have 91/97 hp.
You slice the yak!! You freeze the yak!
The yak is almost dead.
The yak gores you but does no damage.
A yak is nearby!
You closely miss the yak.
The yak is almost dead.
The yak barely misses you.
You riposte.
You slice the yak!!
You kill the yak!
No target in view!
f - a scroll of identify
M - the +1 spear of Wianiroi {freeze, rN+ Str+4 Int+4} Health restored: 97 No target in view!
You now have 2249 gold pieces (gained 41).
A wolf comes into view.
The wolf howls!
The wolf bites you but does no damage.
A wolf is nearby!
You slice the wolf!! You freeze the wolf!
You kill the wolf!
The wolf turns into a zombie!
Health restored: 98 No target in view!
No target in view!
There is a fountain of sparkling water here.
You swap places.
A yak, a death yak, 4 polar bears and a frost giant come into view.
The frost giant is wielding a +0 battleaxe of freezing.
The polar bear growls angrily. x3; The frost giant shouts!
The yak bellows!
The polar bear growls angrily.
The death yak bellows!
A polar bear comes into view.
Found 12 gold pieces and a wavering turquoise ring.
The polar bear growls angrily.
You slash the death yak!
The death yak is lightly wounded.
The death yak gores you!
You take 15 damage, and have 83/98 hp.
There are monsters nearby!
You slice the death yak!! You freeze the death yak.
The death yak is moderately wounded.
The death yak barely misses you.
You swap places.
Your wolf zombie bites the death yak.
Something hits your wolf zombie!! Something freezes your wolf zombie.
Your wolf zombie is destroyed!
The death yak gores you!
You take 8 damage, and have 76/98 hp.
Your chain mail prevents you from hitting the death yak.
The death yak is heavily wounded.
The death yak barely misses you.
You riposte.
You slash the death yak!
You smell smoke.
The death yak is heavily wounded.
You hit the death yak but do no damage.
The death yak seems to speed up.
The death yak is heavily wounded.
The death yak gores you!
You take 16 damage, and have 60/98 hp.
The death yak gores you!!
* * * LOW HITPOINT WARNING * * *
You take 21 damage, and have 39/98 hp.
MASSIVE DAMAGE!!
Unknown command.
You slice the death yak!! You freeze the death yak!
The death yak is severely wounded.
The death yak gores you.
* * * LOW HITPOINT WARNING * * *
The death yak gores you!
* * * LOW HITPOINT WARNING * * *
You take 18 damage, and have 21/98 hp.
You hit the death yak but do no damage.
Nothing appears to happen.
The death yak is severely wounded.
The death yak gores you!
* * * LOW HITPOINT WARNING * * *
The death yak gores you!!
You die...
Xom cackles wildly!

## ##.# ###
#..h#### ##.##
=$#..hh#.#
##÷#.#
#...h..#C##
##.#)##
#C.#.## #.####
##Y##Y# #..#
#####@##
##..##
##..#.##
##....#
#...#..#
#.....##
##.##...#
##..#...#
#..###⌠.#
#..###..##
#.###..####.##
##..# #..#####
#..# ##.#
###...## ##..#
##.# #..#...#
#..## #.##


You could see a death yak.

Vanquished Creatures
  A death yak (IceCv)
  A two-headed ogre (D:10)
  Urug (D:10)
  A guardian serpent (IceCv)
  An ice statue (IceCv)
  Maurice (D:8)
  A gargoyle (D:10)
  A rime drake (D:10)
  The ghost of Jaiteiro the Vandal, a novice HaBe of Trog (D:4)
  A troll (D:9)
  8 polar bears (IceCv)
  A hippogriff (D:9)
  A wraith (D:8)
  29 yaks
  2 basilisks (D:10)
  Grum (D:8)
  3 water moccasins
  3 porcupines (D:10)
  3 orc warriors (D:7)
  A slave (D:5)
  6 ogres
  3 sky beasts
  9 ice beasts
  A phantom (D:10)
  2 black bears (D:10)
  15 wolves
  6 centaurs
  3 crocodiles
  8 bullfrogs
  4 killer bees (D:10)
  3 howler monkeys (D:7)
  9 crimson imps
  4 quasits (D:4)
  6 orc wizards
  3 centaur zombies
  3 jellies
  4 orc priests
  A bullfrog skeleton (D:10)
  5 hounds
  A centaur skeleton (D:6)
  Jessica (D:2)
  Ijyb (D:5)
  4 iguanas
  6 worker ants
  A hound zombie (D:10)
  8 mummies (Ossuary)
  A howler monkey zombie (D:8)
  A worker ant zombie (D:9)
  4 gnolls (D:5)
  10 adders
  3 shadow imps
  A white imp (D:9)
  An ooze (D:3)
  2 adder skeletons
  3 worms
  3 dart slugs
  15 leopard geckos
  26 orcs
  6 giant cockroaches
  4 goblins
  4 hobgoblins
  6 kobolds
  2 quokkas
  6 bats
  11 frilled lizards
  A gnoll zombie (Ossuary)
  A hobgoblin zombie (Ossuary)
  2 kobold zombies (Ossuary)
  4 orc zombies (Ossuary)
  3 quokka skeletons
  A quokka zombie (D:5)
  6 rats
  A spectral orc (D:2)
307 creatures vanquished.

Vanquished Creatures (collateral kills)
  A two-headed ogre (D:5)
  Pikel (D:5)
  2 yaks (IceCv)
  2 iguanas (D:7)
  A worker ant (D:7)
  A gnoll (D:5)
8 creatures vanquished.

Vanquished Creatures (others)
  A polar bear (IceCv)
  A slave (D:5)
  An orc priest (D:7)
  A worker ant (D:5)
  2 orcs
  A giant cockroach (D:5)
  A fire vortex (IceCv)
8 creatures vanquished.

Grand Total: 323 creatures vanquished

Notes
Turn   | Place    | Note
-------+----------+-------------------------------------------
     0 | D:1      | Monsterracer the Merfolk Chaos Knight began the quest for
                  | the Orb.
     0 | D:1      | Reached XP level 1. HP: 18/18 MP: 1/1
   192 | D:1      | Reached XP level 2. HP: 24/24 MP: 2/2
   310 | D:1      | Reached skill level 5 in Polearms
   703 | D:2      | XOM: silly message
   708 | D:2      | Found a faded altar of an unknown god.
   719 | D:2      | Reached XP level 3. HP: 29/29 MP: 3/3
   797 | D:2      | Noticed Jessica
   797 | D:2      | XOM: harmless Hex miscast
   801 | D:2      | Killed Jessica
   801 | D:2      | Reached XP level 4. HP: 37/37 MP: 4/4
   831 | D:2      | Found a basalt altar of Yredelemnul.
   840 | D:2      | XOM: god gift: 2 lumpy white potions {god gift}
   905 | D:2      | Found a shattered altar of Ashenzari.
   986 | D:2      | XOM: silly message
  1226 | D:2      | XOM: mild Ice miscast
  1377 | D:3      | Noticed an ogre
  1377 | D:3      | XOM: cast spell 'Olgreb's Toxic Radiance'
  1391 | D:3      | Killed an ogre
  1391 | D:3      | Reached XP level 5. HP: 30/43 MP: 5/5
  1501 | D:3      | XOM: scenery: 3 doors close
  1549 | D:3      | XOM: god gift: knobbly gilded ring {god gift}
  1665 | D:3      | XOM: god gift: wand of iceblast (6)
  1769 | D:3      | XOM: god gift: 20 gold pieces
  1931 | D:3      | Found a bloodstained altar of Trog.
  1972 | D:3      | Found a blossoming altar of Fedhas.
  2251 | D:3      | Reached XP level 6. HP: 49/49 MP: 6/6
  2335 | D:4      | Found a sand-covered staircase.
  2370 | Ossuary  | Entered an ossuary
  2411 | Ossuary  | XOM: cast spell 'Leda's Liquefaction'
  2418 | Ossuary  | XOM: cast spell 'Summon Small Mammal'
  2438 | Ossuary  | XOM: cast spell 'Leda's Liquefaction'
  2479 | Ossuary  | XOM: divination: magic mapping
  2504 | Ossuary  | XOM: noise
  2536 | Ossuary  | Reached skill level 5 in Dodging
  2904 | D:4      | Found Ragyuqupom's Gadget Shoppe.
  2931 | D:4      | XOM: potion effect (brilliance)
  3106 | D:4      | Noticed Jaiteiro's ghost (novice HaBe)
  3136 | D:4      | Reached skill level 5 in Fighting
  3136 | D:4      | Reached XP level 7. HP: 47/56 MP: 7/7
  3261 | D:4      | XOM: mild Tmut miscast
  3283 | D:4      | Found a transporter.
  3302 | D:4      | Found a transporter.
  3634 | D:5      | Entered Level 5 of the Dungeon
  3849 | D:5      | Noticed a two-headed ogre
  3856 | D:5      | XOM: enchant monster (good)
  3864 | D:5      | HP: 24/56 [two-headed ogre/+0 giant club (6)]
  3865 | D:5      | XOM: summons 5 friendly demons
  3872 | D:5      | Killed a two-headed ogre
  3872 | D:5      | Reached skill level 10 in Polearms
  3872 | D:5      | Reached XP level 8. HP: 29/64 MP: 8/8
  3885 | D:5      | HP: 31/64 [gnoll/+0 spear (1)]
  3897 | D:5      | Noticed Pikel
  3913 | D:5      | XOM: cast spell 'Summon Mana Viper'
  3922 | D:5      | HP: 31/64 [Pikel/+0 whip of flaming (5)]
  3925 | D:5      | Killed Pikel
  3925 | D:5      | Reached skill level 1 in Stealth
  3925 | D:5      | Reached skill level 1 in Evocations
  4154 | D:5      | XOM: cloud trail
  4224 | D:5      | Noticed Ijyb
  4241 | D:5      | Killed Ijyb
  4443 | D:5      | Reached XP level 9. HP: 71/71 MP: 10/10
  4575 | D:5      | XOM: mild Necr miscast
  4758 | D:5      | XOM: confuse monster(s)
  5005 | D:6      | XOM: mild Hex miscast
  5156 | D:6      | XOM: confuse monster(s)
  5163 | D:6      | XOM: enchant monster (bad)
  5298 | D:6      | XOM: harmless Conj miscast
  5326 | D:6      | Found a sacrificial altar of Ru.
  5328 | D:6      | Found a white marble altar of Elyvilon.
  5525 | D:6      | XOM: medium Air miscast
  5533 | D:6      | XOM: mild Summ miscast
  5836 | D:7      | Found a staircase to the Ecumenical Temple.
  5908 | D:7      | XOM: god gift: ration
  6037 | D:6      | XOM: noise
  6192 | D:7      | XOM: summons 3 friendly demons
  6295 | D:7      | XOM: summons 2 friendly demons
  6324 | D:7      | XOM: god gift: 22 gold pieces
  6486 | D:7      | Found a transporter.
  6514 | D:7      | Found a roughly hewn altar of Beogh.
  6514 | D:7      | Found a transporter.
  6515 | D:7      | Found the +0 mask of the Dragon {MR+ Slay+3 SInv}
  6667 | D:7      | Found a shimmering altar of Xom.
  6668 | D:7      | Found a hazy altar of Hepliaklqana.
  6669 | D:7      | Noticed a spectral ugly thing
  6696 | D:7      | XOM: god gift: 21 stones
  6764 | D:7      | XOM: god gift: pitted great sword {god gift}
  6765 | D:7      | Got a pitted great sword {god gift}
  6766 | D:7      | Identified the +6 great sword "Okka" {chaos, rF+ MR+ Int+3
                  | Dex-5} (Xom gifted it to you on level 7 of the Dungeon)
  6824 | D:8      | Noticed Grum
  6825 | D:8      | Reached skill level 1 in Long Blades
  6832 | D:8      | Reached skill level 2 in Long Blades
  6832 | D:8      | Reached XP level 10. HP: 62/80 MP: 12/12
  6838 | D:8      | Killed Grum
  6838 | D:8      | Reached skill level 3 in Long Blades
  6840 | D:8      | HP: 35/80 [orc warrior/+0 hand axe (16)]
  7094 | D:8      | Reached skill level 4 in Long Blades
  7134 | D:8      | XOM: potion effect (brilliance)
  7135 | D:8      | XOM: god gift: 1140 gold pieces
  7136 | D:8      | XOM: divination: magic mapping
  7170 | D:8      | Reached skill level 5 in Long Blades
  7262 | D:8      | Found a sacrificial altar of Ru.
  7302 | D:8      | Found a deep blue altar of Sif Muna.
  7402 | D:8      | Reached skill level 6 in Long Blades
  7408 | D:8      | Noticed Maurice
  7424 | D:8      | Killed Maurice
  7753 | D:4      | XOM: summons 1 hostile demon
  7803 | D:4      | XOM: fog
  7810 | D:4      | Reached skill level 7 in Long Blades
  7818 | D:4      | Killed Jaiteiro's ghost
  8108 | D:7      | HP: 32/80 [orc warrior/+2 hand axe of electrocution (12)]
  8121 | D:7      | HP: 25/80 [orc warrior/+2 hand axe of electrocution (10)]
  8130 | D:7      | XOM: polymorph orc warrior -> bullfrog
  8133 | D:7      | Reached skill level 8 in Long Blades
  8172 | D:7      | XOM: give mutation
  8172 | D:7      | Gained mutation: Your flesh is heat resistant. (rF+) [Xom's
                  | grace]
  8731 | D:9      | Found Inu Belu's Book Boutique.
  8871 | D:9      | Reached skill level 9 in Long Blades
  8973 | D:9      | XOM: noise
  8982 | D:9      | XOM: god gift: great mace {god gift}
  9090 | D:9      | XOM: scenery: create altars
  9276 | D:10     | Entered Level 10 of the Dungeon
  9277 | D:10     | XOM: divination: detect items
  9372 | D:10     | Noticed a gargoyle
  9381 | D:10     | Reached skill level 10 in Long Blades
  9381 | D:10     | Reached XP level 11. HP: 75/86 MP: 13/13
  9389 | D:10     | XOM: cast spell 'Summon Butterflies'
  9392 | D:10     | Reached skill level 1 in Armour
  9399 | D:10     | XOM: god gift: wand of paralysis (7)
  9402 | D:10     | XOM: cast spell 'Statue Form'
  9464 | D:10     | XOM: summons 4 hostile shadow creatures
  9538 | D:10     | Noticed a two-headed ogre
  9538 | D:10     | XOM: cast spell 'Olgreb's Toxic Radiance'
  9544 | D:10     | Killed a two-headed ogre
  9628 | D:10     | Noticed Urug
  9639 | D:10     | XOM: summons 9 friendly demons
  9639 | D:10     | HP: 23/87 [Urug/+0 great mace of holy wrath (26)]
  9651 | D:10     | Killed Urug
  9939 | D:10     | XOM: god gift: black potion {god gift}
  9965 | D:10     | XOM: summons 3 friendly demons
  9974 | D:10     | XOM: polymorph basilisk -> rime drake
  9980 | D:10     | HP: 37/87 [porcupine's spines (11)]
  9986 | D:10     | Reached skill level 11 in Long Blades
  9986 | D:10     | HP: 12/87 [rime drake/flash freeze (24)]
 10033 | D:10     | HP: 28/87 [xom (26)]
 10033 | D:10     | XOM: torment (28/87 hp)
 10282 | D:10     | XOM: divination: detect creatures
 10283 | D:10     | Found a staircase to the Lair.
 10292 | D:10     | Reached skill level 5 in Evocations
 10460 | D:10     | XOM: enchant monster (good)
 10582 | D:10     | Found a runed translucent door.
 10585 | D:10     | Found a runed translucent gate.
 10587 | D:10     | Found a runed translucent gate.
 10595 | D:10     | Found a runed translucent gate.
 10603 | D:10     | Found a runed translucent door.
 10618 | D:10     | XOM: confuse monster(s)
 10627 | D:10     | XOM: cast spell 'Summon Small Mammal'
 10746 | D:10     | XOM: give mutation
 10746 | D:10     | Lost mutation: Your flesh is heat resistant. (rF+) [Xom's
                  | mischief]
 10772 | D:10     | Found the +9 staff of Olgreb {rPois}
 11317 | Lair:1   | Entered Level 1 of the Lair of Beasts
 11344 | Lair:1   | XOM: divination: detect items
 11345 | Lair:1   | Found a frozen archway.
 11346 | Lair:1   | XOM: scenery: create altars
 11348 | Lair:1   | XOM: divination: detect creatures
 11355 | Lair:1   | XOM: fog
 11369 | Lair:1   | Reached XP level 12. HP: 89/96 MP: 16/16
 11386 | IceCv    | Entered an ice cave
 11410 | IceCv    | XOM: noise
 11447 | IceCv    | Reached skill level 12 in Long Blades
 11600 | IceCv    | XOM: summons 1 hostile shadow creature
 11603 | IceCv    | HP: 47/97 [xom (44)]
 11603 | IceCv    | XOM: torment (47/97 hp)
 11615 | IceCv    | HP: 24/97 [polar bear (3)]
 11618 | IceCv    | XOM: mild Fire miscast
 11620 | IceCv    | HP: 16/97 [fire vortex[the capriciousness of Xom] (9)]
 11628 | IceCv    | XOM: blink monster(s)
 11628 | IceCv    | HP: 17/97 [polar bear (1)]
 11647 | IceCv    | XOM: polymorph polar bear -> guardian serpent
 11660 | IceCv    | HP: 25/97 [polar bear (1)]
 11662 | IceCv    | HP: 11/97 [polar bear (5)]
 11664 | IceCv    | HP: 4/97 [guardian serpent (8)]
 11669 | IceCv    | HP: 33/97 [poisoned by a guardian serpent (bolt of poison)]
 11674 | IceCv    | HP: 30/97 [poisoned by a guardian serpent (bolt of poison)]
 11679 | IceCv    | HP: 29/97 [poisoned by a guardian serpent (bolt of poison)]
 11684 | IceCv    | HP: 28/97 [poisoned by a guardian serpent (bolt of poison)]
 11691 | IceCv    | HP: 28/97 [poisoned by a guardian serpent (bolt of poison)]
 11699 | IceCv    | HP: 28/97 [poisoned by a guardian serpent (bolt of poison)]
 11947 | IceCv    | XOM: 3-stop teleportation journey
 12008 | IceCv    | XOM: 5-stop teleportation journey
 12009 | IceCv    | XOM: silly message
 12010 | IceCv    | XOM: potion effect (berserk rage)
 12142 | IceCv    | Noticed a death yak
 12149 | IceCv    | Reached skill level 10 in Fighting
 12151 | IceCv    | XOM: divination: detect creatures
 12160 | IceCv    | HP: 38/97 [death yak (21)]
 12162 | IceCv    | Killed a death yak
 12166 | IceCv    | HP: 22/97 [polar bear (15)]
 12168 | IceCv    | HP: 10/97 [polar bear (12)]
 12375 | IceCv    | XOM: god gift: hunting sling {god gift}
 12566 | IceCv    | XOM: smoke on damage
 12599 | IceCv    | Got a brightly glowing spear
 12600 | IceCv    | Identified the cursed +1 spear of Wianiroi {freeze, rN+
                  | Str+4 Int+4} (You found it in an ice cave)
 12627 | IceCv    | Reached skill level 13 in Long Blades
 12842 | IceCv    | Noticed a frost giant
 12842 | IceCv    | Noticed a death yak
 12850 | IceCv    | HP: 39/98 [death yak (21)]
 12853 | IceCv    | HP: 9/98 [death yak (12)]
 12853 | IceCv    | Mangled by a death yak

Skill      XL: |  1  2  3  4  5  6  7  8  9 10 11 12 |
---------------+-------------------------------------+-----
Dodging        | 3 4 5 6 7 8 |  8.6
Polearms       | 5 7 8 10 11 12 | 12.0
Fighting       | 4 5 6 8 9 10 | 10.3
Stealth        | 2 4 |  4.4
Evocations     | 2 3 5 6 |  6.0
Long Blades    | 2 10 11 13 | 13.1
Armour         | 3 4 |  4.4

Action                   |  1- 3 |  4- 6 |  7- 9 | 10-12 || total
-------------------------+-------+-------+-------+-------++-------
Melee: Spear             |    70 |   253 |   408 |       ||   731
       Great sword       |       |       |     7 |   488 ||   495
Evoke: Wand              |       |       |       |     4 ||     4
  Use: Scroll            |       |    10 |     8 |     3 ||    21
       Potion            |       |       |       |     2 ||     2
 Stab: Sleeping          |     2 |       |     9 |       ||    11
       Petrified         |     2 |       |       |     5 ||     7
       Distracted        |     1 |       |     4 |       ||     5
       Paralysed         |       |     5 |     2 |     7 ||    14
       Confused          |       |     1 |     5 |       ||     6
       Petrifying        |       |       |       |     2 ||     2
       Betrayed ally     |       |       |       |     1 ||     1
  Eat: Chunk             |       |     7 |    11 |    21 ||    39
Armor: Leather armour    |    13 |    30 |    38 |       ||    81
       Robe              |       |       |     3 |    73 ||    76
       Chain mail        |       |       |       |   195 ||   195
       Skin              |       |       |       |     1 ||     1
Dodge: Dodged            |    14 |   114 |   212 |   508 ||   848
       Rpst.: Great sword |       |       |     7 |   126 ||   133

Levels and vault maps discovered:
D:1:      doesnt_arrival_eight_statues, layout_loops_ring
D:2:      layout_basic, yredelemnul_forgotten_temple_becter, ashenzari_altar_1,
          chequers_ecumenical_altar_simple_redux, minivault_24, uniq_jessica
D:3:      minmay_chambers_of_twos, layout_basic, bloody_trog,
          fedhas_altar_fruit_tree
D:4:      layout_loops_corners, first_ration, serial_shops, shop,
          lightli_ossuary_entry_decrepit_ruins, gammafunk_ghost_stat_death
D:5:      layout_loops_ring, uniq_pikel, uniq_ijyb
D:6:      layout_basic, chequers_temple_overflow_statue_of_worship,
          gup_sewer_entry_bowl, minmay_lizard_king
D:7:      gammafunk_beogh_shrine, layout_cave_pools,
          regret_index_temple_of_mockery, minmay_temple_entry_proselytizer
D:8:      layout_rooms, kennysheep_mini, basic_altar, grunt_ogre_cave,
          uniq_grum, uniq_maurice
D:9:      layout_roguey, serial_shops, shop, minmay_fire_ice_demons
D:10:     layout_basic, minmay_lair_entry_grove, serial_corexii_hall,
          chequers_hall_statues_y, chequers_hall_statues_y,
          corexii_hall_statues_i, amethyst_killhole,
          minmay_guarded_unrand_staff_of_olgreb, uniq_urug
Lair:1:   layout_cave_pods, portal_ice_cave_entry_ice_beasts
Ossuary:  ossuary_tomb_3
IceCv:    ice_cave_caverns_01
